 Dungeon Crawl Stone Soup version 0.27.1-34-g3ba077fa99 (webtiles) character file.

Game seed: 6786036928953416677

66 Descartes the Conjurer (level 4, -9/27 HPs)
             Began as an Octopode Wanderer on Jan 20, 2022.
             Mangled by a flying skull (12 damage)
             ... created by the anger of Yredelemnul
             ... on level 2 of the Dungeon.
             The game lasted 00:04:53 (2807 turns).

Descartes the Conjurer (Octopode Wanderer)          Turns: 2807, Time: 00:04:53

Health: -9/27      AC:  1    Str: 12    XL:     4   Next: 15%
Magic:  7/8        EV:  9    Int: 15    God:
Gold:   69         SH:  7    Dex: 16    Spells: 6/9 levels left

rFire    . . .     SeeInvis .   a - +0 dagger
rCold    . . .     Faith    .   i - +0 kite shield
rNeg     . . .     Spirit   .   (helmet restricted)
rPois    .         Reflect  .   (no amulet)
rElec    .         Harm     .   h - +6 ring of dexterity
rCorr    .         Rampage  .   (no ring)
Will     .....                  (no ring)
Stlth    +++.......             (no ring)
HPRegen  0.09/turn              (no ring)
MPRegen  0.11/turn              (no ring)
                                (no ring)
                                (no ring)

@: about to teleport
A: almost no armour, amphibious, 8 rings, camouflage 1, gelatinous body 1,
(nimble swimmer 1), tentacles
a: no special abilities


You were on level 2 of the Dungeon.
You visited 1 branch of the dungeon, and saw 2 of its levels.

You collected 69 gold pieces.

Inventory:

Hand Weapons
 a - a +0 dagger (weapon)
Missiles
 b - 11 poisoned darts (quivered)
 d - 128 stones
Armour
 i - a +0 kite shield (worn)
Jewellery
 h - a +6 ring of dexterity (left tentacle)
Scrolls
 f - a scroll of fog {unknown}
 j - a scroll of immolation {unknown}
Potions
 g - a potion of degeneration {unknown}


   Skills:
 - Level 1.0 Throwing
 - Level 1.3 Stealth
 + Level 1.1 Shields
 - Level 3.0 Spellcasting
 + Level 3.3 Conjurations
 - Level 3.0 Transmutations
 - Level 2.0 Air Magic


You had 6 spell levels left.
You knew the following spells:

 Your Spells              Type           Power      Damage    Failure   Level
a - Magic Dart            Conj           48%        1d5       30%         1
b - Blink                 Tloc           N/A        N/A       87%         2

Your spell library contained the following spells:

 Spells                   Type           Power      Damage    Failure   Level
 Mephitic Cloud           Conj/Pois/Air  7%         N/A       86%         3
 Call Imp                 Summ           2%         N/A       87%         2
 Slow                     Hex            2%         N/A       87%         2
 Conjure Flame            Conj/Fire      7%         6-21      88%         3


Dungeon Overview and Level Annotations

Branches:
Dungeon (2/15)

Altars:
Yredelemnul


Innate Abilities, Weirdness & Mutations

You cannot wear most types of armour.
You are amphibious.
You can wear up to eight rings at the same time.
Your skin changes colour to match your surroundings (Stealth+).
Your rubbery body absorbs attacks. (AC +1, EV +1)
((You are camouflaged near water. (Stealth+)))
You have tentacles for arms and can constrict up to eight enemies at once.


Message History

Aiming: Magic Dart (safe; 30% risk of failure)
Press: ? - help, Shift-Dir - straight line, f/p - jackal
Aim: a jackal (almost dead, 100% to hit)
The magic dart hits the jackal.
You kill the jackal!
Casting: Magic Dart (safe; 30% risk of failure)
Confirm with . or Enter, or press ? or * to list all spells.
You can't see any susceptible monsters within range! (Use Z to cast anyway.) Unknown command.
There is a large open door here.
You see here an adder skeleton.
Yredelemnul sends servants to punish you. 4 flying skulls come into view.
The flying skull hits you! x2
You block the flying skull's attack.
Casting: Magic Dart (safe; 30% risk of failure)
Confirm with . or Enter, or press ? or * to list all spells.
Aiming: Magic Dart (safe; 30% risk of failure)
Press: ? - help, Shift-Dir - straight line, f - flying skull
Aim: a flying skull (durably summoned, 100% to hit)
The magic dart hits the flying skull but does no damage.
The flying skull closely misses you. The flying skull completely misses you.
Unknown command.
It was a potion of heal wounds.
You feel much better. The flying skull hits you!
Casting: Magic Dart (safe; 30% risk of failure)
Confirm with . or Enter, or press ? or * to list all spells.
Aiming: Magic Dart (safe; 30% risk of failure)
Press: ? - help, Shift-Dir - straight line, f/p - flying skull
Aim: a flying skull (durably summoned, 100% to hit)
Okay, then.
As you read the scroll of teleportation, it crumbles to dust.
You feel strangely unstable. The flying skull barely misses you.
The flying skull hits you!
Unknown command.
You hit the flying skull but do no damage.
Your grab misses the flying skull. The flying skull hits you!
* * * LOW HITPOINT WARNING * * *
The flying skull hits you!
You die...

########...# #.....†..#.#
###.######...# #######
....#######.##### #.....÷
.###.....##.#...# #.#####
................######.# ##
.###......zzz..........####.
##....##z##.###......##..
#....##@##.# #.######...
####.##.##.# #.# ##....
#....#..##.# #.# ##.....
#..###.###.# #.# #......
#..# #.# #.# #.# #.....( ##
#.####.###.###.# #...... .#
#.# #...##.....# #......
##### ..#.# #...########
#...... ..#.# #.#.###...####
#......


You could see 4 flying skulls.

Vanquished Creatures
  A gnoll (D:1)
  2 adders (D:2)
  A dart slug (D:2)
  2 ball pythons (D:1)
  3 bats
  4 endoplasms
  A giant cockroach (D:1)
  2 goblins
  2 hobgoblins (D:1)
  6 jackals
  3 kobolds
  A quokka (D:1)
  3 frilled lizards
  2 rats
33 creatures vanquished.

Vanquished Creatures (others)
  A fungus (D:1)
  A plant (D:1)
2 creatures vanquished.

Grand Total: 35 creatures vanquished

Notes
Turn   | Place    | Note
-------+----------+-------------------------------------------
     0 | D:1      | Descartes the Octopode Wanderer began the quest for the
                  | Orb.
     0 | D:1      | Descartes set off with the following items: a +0 dagger, 11
                  | poisoned darts, a scroll of teleportation; and the
                  | following spell memorised: Magic Dart; and the following
                  | spells available to memorise: Blink, Call Imp, Slow,
                  | Mephitic Cloud, Conjure Flame
     0 | D:1      | Reached XP level 1. HP: 11/11 MP: 4/4
   211 | D:1      | Reached skill level 1 in Conjurations
   691 | D:1      | Reached XP level 2. HP: 8/17 MP: 0/6
  1087 | D:1      | Reached XP level 3. HP: 18/21 MP: 2/7
  1860 | D:1      | Found a faded altar of an unknown god.
  1873 | D:1      | Became a worshipper of Yredelemnul the Dark
  1873 | D:1      | Reached * piety under Yredelemnul
  1878 | D:1      | Fell from the grace of Yredelemnul
  2104 | D:2      | Learned a level 2 spell: Blink
  2544 | D:2      | Reached skill level 1 in Shields
  2544 | D:2      | Reached XP level 4. HP: 27/27 MP: 3/8
  2799 | D:2      | Noticed a flying skull
  2799 | D:2      | Noticed a flying skull
  2799 | D:2      | Noticed a flying skull
  2799 | D:2      | Noticed a flying skull
  2807 | D:2      | Mangled by a flying skull

Illustrated notes

Levels and vault maps discovered:
D:1:      dpeg_arrival_lava_temple_mockup, layout_loops_corners,
          shapermc_ecumenical_altar_mp_urbaneastern, minmay_unequal
D:2:      minmay_angry_zag, layout_loops_ring, hangedman_decor_peaks_small,
          kennysheep_big_empty_room

Skill      XL: |  1  2  3 |
---------------+----------+-----
Conjurations   | 1 2 3 |  3.3
Shields        | 1 |  1.1
Throwing       | |  1.0
Stealth        | |  1.3
Spellcasting   | |  3.0
Transmutations | |  3.0
Air Magic      | |  2.0

Action                   |  1- 3 |  4- 6 || total
-------------------------+-------+-------++-------
Melee: Dagger            |    31 |     2 ||    33
       Constrict         |     7 |     1 ||     8
       Tentacles         |     4 |       ||     4
 Cast: Magic Dart        |    58 |     9 ||    67
Invok: Renounce Religion |     1 |       ||     1
  Use: Scroll            |       |     1 ||     1
       Potion            |       |     1 ||     1
Dodge: Dodged            |    22 |     3 ||    25
Block: Kite shield       |       |     1 ||     1
